AoeStats
← 凉拌皮蛋

African Clearing

506356216Analyzed
4v4 RM · 19d ago on Sep 13, 2026· 33m 31s· 8 players
Game mode
Random Map
Map size
Large (8 player)
Population
200
Speed
Normal
Resources
Standard
Victory
Conquest
Starting age
Dark Age
Ending age
Imperial Age
RankedLock teamsTeams togetherTeam positionsShared explorationLock speedFull tech treeHidden civsTurbo modeCheats
Victory
Defeat
🇫🇷 Byzantines · France
1613
+13
🇨🇳 Huns · China
1434
+20
🇨🇳 Mongols · China
1424
+20
🇹🇼 Persians · Taiwan
1421
+20
🇨🇳 Vietnamese · China
1547
-19
🇨🇳 Mongols · China
1540
-19
🇨🇳 Berbers · China
1512
-18
🇨🇳 Gurjaras · China
1489
-17
海的盒子
10:07 Loom
12:21 Feudal Age
16:55 Castle Age
15:36 Double-Bit Axe
16:34 Horse Collar
20:39 Fletching
27:12 Gold Mining
29:05 Scale Barding Armor
31:54 Bloodlines
32:34 Husbandry
33:17 Forging
姬七兮
5:46 Loom
13:29 Feudal Age
14:13 Double-Bit Axe
21:03 Castle Age
20:51 Fletching
21:57 Wheelbarrow
24:35 Bodkin Arrow
26:54 Horse Collar
31:41 Bow Saw
31:38 Padded Archer Armor
风过无声
10:18 Loom
12:24 Feudal Age
14:01 Double-Bit Axe
14:31 Horse Collar
14:43 Gold Mining
16:57 Castle Age
18:52 Fletching
20:06 Ballistics
19:51 Bodkin Arrow
22:04 Wheelbarrow
25:28 Padded Archer Armor
29:27 Husbandry
29:49 Leather Archer Armor
31:15 Bloodlines
凉拌皮蛋
9:56 Loom
12:40 Feudal Age
14:59 Fletching
嘉宝哥哥
6:13 Loom
12:46 Feudal Age
14:33 Town Watch
17:44 Castle Age
15:49 Double-Bit Axe
16:17 Stone Mining
20:26 Horse Collar
24:52 Fletching
26:29 Bodkin Arrow
28:05 Padded Archer Armor
28:53 Bow Saw
Cipiettro_Vicci
8:54 Loom
11:11 Feudal Age
12:33 Double-Bit Axe
21:13 Castle Age
20:05 Fletching
20:42 Horse Collar
21:52 Bodkin Arrow
21:21 Crossbowman
23:33 Bow Saw
25:45 Scale Barding Armor
26:19 Light Cavalry
30:59 Wheelbarrow
WCID
13:35 Feudal Age
14:53 Double-Bit Axe
15:11 Gold Mining
17:33 Castle Age
15:41 Loom
16:58 Horse Collar
17:09 Stone Mining
19:38 Bow Saw
21:49 Scale Barding Armor
25:09 Heavy Plow
25:45 Gold Shaft Mining
25:09 Town Watch
25:45 Fletching
26:40 Elite Skirmisher
28:27 Bodkin Arrow
30:43 Padded Archer Armor
31:40 Wheelbarrow
34:02 Leather Archer Armor
36:27 Imperial Age
nostop333
11:51 Feudal Age
10:41 Loom
12:32 Double-Bit Axe
15:39 Wheelbarrow
15:01 Fletching
15:56 Stone Mining
16:50 Horse Collar
Connection lost

Rejoining the realm…

Still unreachable

The connection could not be restored.

Session expired

The server has moved on; the page needs a fresh start.